 Dungeon Sprint DCSS version 0.28-a0-872-g80cf8599ee (webtiles) character file.

Game seed: 10734995501788242177

14068 tatocazan the Fencer (level 11, -9/114 HPs)
             Began as a Minotaur Fighter on Nov 20, 2021.
             Was a High Priest of Okawaru.
             Killed by the air
             ... invoked by a spriggan air mage
              (15 damage)
             ... in the Dungeon (Sprint IX: "|||||||||||||||||||||||||||||").
             The game lasted 00:06:44 (2585 turns).

tatocazan the Fencer (Minotaur Fighter)             Turns: 2585, Time: 00:06:44

Health: -9/114     AC: 22    Str: 27    XL:     11   Next: 83%
Magic:  19/19      EV:  8    Int:  9    God:    Okawaru [*****.]
Gold:   922        SH:  7    Dex: 10    Spells: 10/10 levels left

rFire   . . .      SeeInvis .   v - +5 double sword (elec)
rCold   + . .      Faith    .   c - +0 buckler
rNeg    . . .      Spirit   .   p - +0 plate armour
rPois   .          Reflect  .   x - +0 hat "Gofyesay" {Int+4}
rElec   .          Harm     .   G - +1 cloak {Stlth+}
rCorr   .          Rampage  .   H - +1 pair of gloves
Will    .....      NoTele   +   (no boots)
Stlth   ..........              (no amulet)
HPRegen 0.29/turn               q - +3 ring of strength
MPRegen 0.16/turn               F - ring of protection from cold

@: no status effects
A: horns 2, retaliatory headbutt
a: Renounce Religion, Heroism, Finesse


You were in the Dungeon.
You worshipped Okawaru.
Okawaru was extremely pleased with you.
You visited 1 branch You collected 1941 gold pieces.
You spent 1019 gold pieces at shops.

Inventory:

Hand Weapons
 n - the +2 rapier "Roiskur" {antimagic, rC+}
   (You found it in the Dungeon)

   It reduces the magical energy of the wielder, and disrupts the spells and
   magical abilities of those it strikes.
   Natural abilities and divine invocations are not affected.
   rC:        It protects you from cold.
 o - a +2 scimitar of flaming
 v - a +5 double sword of electrocution (weapon)
Missiles
 D - 6 javelins (quivered)
Armour
 c - a +0 buckler (worn)
 p - a +0 plate armour (worn)
 x - the +0 hat "Gofyesay" (worn) {Int+4}
   (Okawaru gifted it to you in the Dungeon)

   Int:       It affects your intelligence (+4).
 G - a +1 cloak of stealth (worn)
 H - a +1 pair of gloves (worn)
Jewellery
 i - a ring of see invisible
 q - a +3 ring of strength (left hand)
 z - the ring of the Clam {Fire Dex+3 Slay+3}
   (You bought it in a shop in the Dungeon)

   [ring of fire]

   It enhances your fire magic.
   Dex:       It affects your dexterity (+3).
   Slay:      It affects your accuracy & damage with ranged weapons and melee
   (+3).
   rF:        It protects you from fire.
   rC:        It makes you vulnerable to cold.
 B - a +2 ring of evasion
 E - a ring of poison resistance
 F - a ring of protection from cold (right hand)
Wands
 m - a wand of acid (6)
 r - a wand of iceblast (2)
Scrolls
 j - 4 scrolls of blinking
 k - a scroll of fog
 l - 2 scrolls of amnesia
 s - 5 scrolls of fear
 t - 6 scrolls of enchant armour
 u - 3 scrolls of enchant weapon
 y - a scroll of holy word
Potions
 a - a potion of resistance
 b - a potion of brilliance
 d - 3 potions of might
 e - 5 potions of curing
 f - a potion of invisibility
 g - 2 potions of haste
 h - 4 potions of magic
 C - 2 potions of degeneration {unknown}


   Skills:
 + Level 16.1 Fighting
 * Level 18.7 Long Blades
 + Level 16.1 Armour
 + Level 16.1 Shields
 * Level 12.4 Invocations


You had 10 spell levels left.
You didn't know any spells.
Your spell library was empty.

Dungeon Overview and Level Annotations

Branches:
Dungeon (1/1)

Altars:
Cheibriados
Dithmenos
Elyvilon
Fedhas
Gozag
Hepliaklqana
Kikubaaqudgha
Makhleb
Nemelex Xobeh
Okawaru
Qazlal
Ru
Sif Muna
Trog
Uskayaw
Vehumet
Wu Jian
Xom
Yredelemnul
Zin
The Shining One
Beogh
Jiyva
Lugonu

Shops:
D ?=!?


Innate Abilities, Weirdness & Mutations

You have a pair of horns on your head.
You reflexively headbutt those who attack you in melee.


Message History

The bolt of acid misses the cyan ugly thing.
You block the frost giant's attack.
The spriggan air mage waves its arms in wide circles.
The air twists around and strikes you.
A cyan very ugly thing comes into view.
Aiming: Corrosive Bolt
Press: ? - help, Shift-Dir - straight line, f/p - frost giant
Aim: a frost giant, wielding a +2 battleaxe of freezing (severely wounded, 98% to hit)
The bolt of acid hits the frost giant.
The frost giant is severely wounded.
The bolt of acid hits the cyclops!
The cyclops seems to be corroded for longer.
The cyclops is heavily wounded.
The bolt of acid hits the orc knight!
The orc knight is moderately wounded.
The bolt of acid hits the spriggan air mage!
The spriggan air mage is lightly wounded.
The bolt of acid misses the cyan ugly thing.
The cyan very ugly thing gurgles horribly!
You hear a horrible gurgling sound!
The frost giant points at you and mumbles some strange words.
The bolt of cold hits you! You resist.
* * * LOW HITPOINT WARNING * * *
You take 16 damage, and have 6/114 hp.
You feel better.
The frost giant gestures at you while chanting.
The bolt of cold hits you! You resist.
* * * LOW HITPOINT WARNING * * *
You take 1 damage, and have 5/114 hp.
You feel better.
The frost giant points at you and mumbles some strange words.
The bolt of cold hits you! You resist.
* * * LOW HITPOINT WARNING * * *
You hit the frost giant.
The frost giant is severely wounded.
The frost giant gestures at you while chanting.
The bolt of cold hits you but does no damage.
The spriggan air mage waves its arms in wide circles.
The air twists around and strikes you!
You die...

▓_▓.▓.▓.▓.▓.▓.▓,*,*,*,*,*,*,*,
▓_▓.▓.▓.▓.▓.▓.▓,*,*,*,*,*,*,*,
▓_▓.▓.▓.▓'▓)▓.▓,*,*,*,*,*,*,*,
▓'▓.▓'▓.▓)▓†▓.▓,*,*,*,*,*,*,*,
▓.▓.▓†▓.▓)▓.▓'▓,*,*,*,*,*,*,*,
▓.▓.▓.▓.▓)▓.▓.▓,*,*,*,*,*,*,*,
▓)▓.▓.▓.▓)▓.▓(▓,*,*,*,*,*,*,*,
▓.▓.▓.▓.▓)▓.▓(▓,*+*,*,*,*,*,*,
▓.▓.▓.▓.▓∩▓.▓@▓,*,*,*,*,*,*,*,
▓[▓.▓.▓.▓.▓.▓C▓,*,*,*,*,*,*,*,
▓.▓.▓.▓.▓∩▓.▓C▓,*,*,*,*,*,*,*,
▓.▓.▓.▓.▓.▓.▓o▓,*,*,*,*,*,*,*+
▓.▓.▓)▓.▓∩▓.▓i▓,*,*,*,*,*,*,*,
▓'▓.▓!▓.▓.▓.▓u▓,*,*,*,*,*,*,*,
▓)▓.▓.▓.▓∩▓)▓u▓,*,*,*,*,*,*,*,
▓÷▓.▓.▓.▓)▓.▓u▓,*,*,*,*,*,*,*,
▓.▓.▓'▓.▓.▓.▓,*,*,*,*,*,*,*,*,


You could see a frost giant, a cyan very ugly thing, an orc knight (corroded), 2
ugly things, a spriggan air mage (repels missiles) and a cyclops (corroded).

Vanquished Creatures
  A stone giant (D)
  A boulder beetle (D)
  A hydra (D)
  A centaur warrior (D)
  Urug (D)
  An orc knight (D)
  2 cyclopes (D)
  6 orc sorcerers (D)
  Maurice (D)
  A gargoyle (D)
  A cane toad (D)
  An unseen horror (D)
  A kobold demonologist (D)
  2 efreet (D)
  A rime drake (D)
  2 komodo dragons (D)
  2 blink frogs (D)
  A hornet (D)
  3 yaks (D)
  A wyvern (D)
  Grum (D)
  An acid dragon (D)
  2 hell hounds (D)
  4 water moccasins (D)
  13 orc warriors (D)
  9 wolves (D)
  3 bullfrogs (D)
  2 killer bees (D)
  5 orc priests (D)
  2 jellies (D)
  11 orc wizards (D)
  A white imp (D)
  An adder zombie (D)
  A dart slug (D)
  4 orcs (D)
  A bat zombie (D)
  A goblin (D)
  A hobgoblin (D)
  2 quokkas (D)
  A bat simulacrum (D)
97 creatures vanquished.

Notes
Turn   | Place    | Note
-------+----------+-------------------------------------------
     0 | D        | tatocazan the Minotaur Fighter began the quest for the Orb.
     0 | D        | Reached XP level 1. HP: 19/19 MP: 0/0
     3 | D        | Banished a spatial maelstrom
    10 | D        | Reached skill level 3 in Long Blades
    16 | D        | Reached XP level 2. HP: 22/28 MP: 1/1
    87 | D        | HP: 1/28 [white imp/puff of frost (7)]
    88 | D        | Reached skill level 5 in Fighting
    88 | D        | Reached skill level 4 in Long Blades
    88 | D        | Reached skill level 5 in Armour
    88 | D        | Reached skill level 5 in Shields
    88 | D        | Reached XP level 3. HP: 1/36 MP: 2/2
    97 | D        | Reached skill level 5 in Long Blades
    97 | D        | Reached XP level 4. HP: 10/44 MP: 3/3
   338 | D        | Found a snail-covered altar of Cheibriados.
   338 | D        | Found a shadowy altar of Dithmenos.
   338 | D        | Found a white marble altar of Elyvilon.
   338 | D        | Found a blossoming altar of Fedhas.
   338 | D        | Found an opulent altar of Gozag.
   339 | D        | Found a hazy altar of Hepliaklqana.
   340 | D        | Found a viscous altar of Jiyva.
   341 | D        | Found an ancient bone altar of Kikubaaqudgha.
   342 | D        | Found a corrupted altar of Lugonu.
   343 | D        | Found a burning altar of Makhleb.
   344 | D        | Found a sparkling altar of Nemelex Xobeh.
   345 | D        | Found an iron altar of Okawaru.
   346 | D        | Found a stormy altar of Qazlal.
   347 | D        | Found a sacrificial altar of Ru.
   348 | D        | Found a shimmering blue altar of Sif Muna.
   349 | D        | Found a bloodstained altar of Trog.
   350 | D        | Found a hide-covered altar of Uskayaw.
   351 | D        | Found a radiant altar of Vehumet.
   352 | D        | Found an ornate altar of the Wu Jian Council.
   353 | D        | Became a worshipper of Warmaster Okawaru
   354 | D        | Found a shimmering altar of Xom.
   355 | D        | Found a basalt altar of Yredelemnul.
   356 | D        | Found a glowing silver altar of Zin.
   357 | D        | Found a glowing golden altar of the Shining One.
   373 | D        | Got the +2 rapier "Roiskur" {antimagic, rC+}
   405 | D        | Noticed a hornet
   405 | D        | Noticed an orc warrior
   405 | D        | Noticed a yak
   411 | D        | Killed an unseen horror
   411 | D        | Reached * piety under Okawaru
   412 | D        | Reached skill level 8 in Long Blades
   412 | D        | Reached XP level 5. HP: 39/56 MP: 4/4
   412 | D        | Reached XP level 6. HP: 43/62 MP: 5/5
   412 | D        | Killed a hornet
   412 | D        | Reached ** piety under Okawaru
   413 | D        | Reached skill level 9 in Long Blades
   413 | D        | Reached XP level 7. HP: 49/71 MP: 6/6
   415 | D        | Reached skill level 10 in Fighting
   415 | D        | Reached skill level 10 in Armour
   415 | D        | Reached skill level 10 in Shields
   421 | D        | Reached skill level 10 in Long Blades
   426 | D        | Killed a yak
   426 | D        | Reached *** piety under Okawaru
   647 | D        | Noticed a kobold demonologist
   647 | D        | Noticed a gargoyle
   647 | D        | Noticed a cyclops
   653 | D        | Killed a kobold demonologist
   654 | D        | Reached skill level 11 in Long Blades
   654 | D        | Reached XP level 8. HP: 82/82 MP: 7/7
   658 | D        | Killed a gargoyle
   658 | D        | Reached **** piety under Okawaru
   665 | D        | Killed a cyclops
   666 | D        | Reached skill level 12 in Long Blades
   667 | D        | Reached XP level 9. HP: 53/92 MP: 8/8
   934 | D        | Noticed a komodo dragon
   938 | D        | Reached skill level 1 in Invocations
   946 | D        | Reached ***** piety under Okawaru
   947 | D        | Reached skill level 13 in Long Blades
   951 | D        | Killed a komodo dragon
   958 | D        | Received a gift from Okawaru
   962 | D        | Reached skill level 5 in Invocations
   973 | D        | Noticed a four-headed hydra
   973 | D        | Noticed a rime drake
   976 | D        | Noticed a cane toad
   977 | D        | Killed a one-headed hydra
   978 | D        | Reached skill level 14 in Long Blades
   980 | D        | Reached XP level 10. HP: 93/102 MP: 11/13
   991 | D        | Killed a cane toad
   993 | D        | Reached skill level 15 in Long Blades
  1111 | D        | Received a gift from Okawaru
  1327 | D        | Noticed a stone giant
  1341 | D        | Killed a stone giant
  1342 | D        | Reached skill level 16 in Long Blades
  1738 | D        | Noticed an orc knight
  1753 | D        | Killed an orc knight
  1754 | D        | Reached XP level 11. HP: 110/111 MP: 17/17
  1756 | D        | Identified the +0 hat "Gofyesay" {Int+4} (Okawaru gifted it
                  | to you in the Dungeon)
  1756 | D        | Received a gift from Okawaru
  1759 | D        | Reached skill level 15 in Fighting
  1759 | D        | Reached skill level 10 in Invocations
  1761 | D        | Reached skill level 15 in Shields
  1773 | D        | Reached skill level 15 in Armour
  1878 | D        | Found Gawkom's Magic Scroll Emporium.
  1878 | D        | Noticed an orc sorcerer
  1878 | D        | Noticed an orc sorcerer
  1878 | D        | Noticed an orc sorcerer
  1878 | D        | Noticed an orc sorcerer
  1879 | D        | Noticed an orc sorcerer
  1880 | D        | Paralysed by an orc sorcerer for 5 turns
  1886 | D        | Killed an orc sorcerer
  1891 | D        | Killed an orc sorcerer
  1892 | D        | Reached skill level 17 in Long Blades
  1892 | D        | Found Toitukko's Jewellery Shoppe.
  1897 | D        | Killed an orc sorcerer
  1903 | D        | Killed an orc sorcerer
  1905 | D        | Paralysed by an orc sorcerer for 6 turns
  1914 | D        | Killed an orc sorcerer
  1916 | D        | Found Riuph's Distillery.
  1927 | D        | Found Xumoagan's Magic Scroll Shoppe.
  1931 | D        | Noticed an orc sorcerer
  1938 | D        | Killed an orc sorcerer
  1963 | D        | Bought a scroll of fog for 28 gold pieces
  1963 | D        | Bought a scroll of holy word for 105 gold pieces
  1963 | D        | Bought a scroll of magic mapping for 49 gold pieces
  1966 | D        | Bought the ring of the Clam {Fire Dex+3 Slay+3} for 610
                  | gold pieces
  1968 | D        | Bought a potion of heal wounds for 65 gold pieces
  1968 | D        | Bought a potion of heal wounds for 65 gold pieces
  1970 | D        | Bought a scroll of blinking for 97 gold pieces
  2299 | D        | Noticed Maurice
  2308 | D        | Killed Maurice
  2320 | D        | Noticed Grum
  2329 | D        | Killed Grum
  2357 | D        | Noticed Urug
  2368 | D        | Killed Urug
  2369 | D        | Reached skill level 18 in Long Blades
  2550 | D        | Noticed a boulder beetle
  2550 | D        | Noticed a centaur warrior
  2556 | D        | Killed a boulder beetle
  2557 | D        | Noticed an orc knight
  2561 | D        | Noticed a frost giant
  2568 | D        | Noticed a spriggan air mage
  2570 | D        | Noticed a green ugly thing
  2571 | D        | Killed a centaur warrior
  2571 | D        | Received a gift from Okawaru
  2576 | D        | Noticed a green ugly thing
  2581 | D        | Noticed a cyan very ugly thing
  2583 | D        | HP: 5/114 [frost giant/bolt of cold (8)]
  2585 | D        | Killed from afar by a spriggan air mage

Illustrated notes

Levels and vault maps discovered:
D:        linesprint [early_d, line_temple, items_1, d_10, items_2, lair_1,
          lair_end, items_3, orc_1, orc_end, items_4, d_15, swamp_1, shoals_1,
          snake_1, spider_1, d_20, vaults_1, items_5, swamp_end, shoals_end,
          snake_end, spider_end, vaults_end, d_27, items_6, zot_1, zot_end,
          crypt_end, forest_end, elf_end, slime_end, tomb_end, abyss_end,
          pan_hell_end]

Skill      XL: |  1  2  3  4  5  6  7  8  9 10 11 |
---------------+----------------------------------+-----
Fighting       | 4 5 6 8 9 11 12 13 14 16 | 16.1
Long Blades    | 3 4 5 8 9 11 12 14 16 18 | 18.7
Armour         | 4 5 6 8 9 11 12 13 14 16 | 16.1
Shields        | 4 5 6 8 9 11 12 13 14 16 | 16.1
Invocations    | 6 9 12 | 12.4

Action                   |  1- 3 |  4- 6 |  7- 9 | 10-12 || total
-------------------------+-------+-------+-------+-------++-------
Melee: Long sword        |    23 |     6 |       |       ||    29
       Headbutt          |     3 |     5 |    12 |    46 ||    66
       Scimitar          |       |     6 |    59 |    49 ||   114
       Double sword      |       |       |       |   149 ||   149
Invok: Heroism           |       |       |       |     1 ||     1
Evoke: Wand              |       |       |       |     7 ||     7
  Use: Potion            |     1 |     1 |     2 |     9 ||    13
       Scroll            |       |       |       |     1 ||     1
Armor: Scale mail        |     4 |     3 |       |       ||     7
       Plate armour      |       |     3 |    12 |    46 ||    61
Dodge: Dodged            |     9 |     6 |    10 |    36 ||    61
Block: Buckler           |     2 |     6 |    10 |    33 ||    51

Table legend: (Time is in decaauts)
 A = Elapsed time spent in this place.
 B = Non-inter-level travel time spent in this place.
 C = Inter-level travel time spent in this place.
 D = Time resting spent in this place.
 E = Time spent auto-exploring this place.
 F = Levels seen in this place.
 G = Mean time per level.
                   A        B        C        D        E       F      G
               +--------+--------+--------+--------+--------+-----+--------+
         Total |   2522 |   2417 |    105 |    981 |    876 |   1 | 2522.0 |
       Dungeon |   2522 |   2417 |    105 |    981 |    876 |   1 | 2522.0 |
               +--------+--------+--------+--------+--------+-----+--------+

Top non-repeatable levels by time:
       D: 2522 daAuts
